 Dungeon Crawl Stone Soup version 0.31-a0-675-g238779eb0a (webtiles) character file.

Game seed: 9585907210259572514

137 browni3141 the Trooper (level 5, -3/43 HPs)
             Began as a Barachi Monk on Sept 6, 2023.
             Was a Believer of Makhleb.
             Killed from afar by a dart slug (5 damage)
             ... with a slug dart
             ... on level 4 of the Dungeon.
             The game lasted 00:05:41 (1667 turns).

browni3141 the Trooper (Barachi Monk)               Turns: 1667, Time: 00:05:43

Health: -3/43      AC: -10   Str: 12    XL:     5   Next: 20%
Magic:  3/7        EV: 13    Int: 13    God:    Makhleb [**....]
Gold:   150        SH:  0    Dex: 14    Spells: 4/6 levels left

rFire   . . .        a - +0 spear
rCold   . . .        d - orb {light}
rNeg    . . .        m - +0 robe
rPois   .            (no helmet)
rElec   .            (no cloak)
rCorr   .            (no gloves)
SInv    .            (no boots)
Will    .....        (no amulet)
Stlth   +            j - +4 ring of protection
HPRegen 0.27/turn    (no ring)
MPRegen 0.10/turn

%: no passive effects
@: corroded, unable to hop, on blink cooldown, glowing, slow
A: amphibious, slowness 1, strong legs 1, +LOS
a: Hop, Renounce Religion, Minor Destruction


You were on level 4 of the Dungeon.
You worshipped Makhleb.
Makhleb was pleased with you.
You visited 2 branches of the dungeon, and saw 4 of its levels.

You collected 150 gold pieces.

Inventory:

Hand Weapons
 a - a +0 spear (weapon)
 b - a +0 sling
Missiles
 e - 4 atropa-tipped darts (quivered)
 g - 48 stones
Armour
 d - an orb of light (worn)
 m - a +0 robe (worn)
Jewellery
 j - a +4 ring of protection (left hand)
Scrolls
 i - a scroll of poison
 l - 2 scrolls of silence
 p - a scroll of vulnerability
Potions
 c - a potion of ambrosia
 h - a potion of haste {unknown}
 n - a potion of mutation {unknown}
 o - a potion of degeneration {unknown}


   Skills:
 + Level 4.6 Fighting
 * Level 4.5 Polearms
 - Level 3.2 Dodging
 * Level 1.4 Spellcasting
 * Level 1.5 Translocations


You had 4 spell levels left.
You knew the following spells:

 Your Spells              Type           Power      Damage    Failure   Level
a - Blink                 Tloc           8%         N/A       22%         2

Your spell library contained the following spells:

 Spells                   Type           Power      Damage    Failure   Level
 Manifold Assault         Tloc           4%         N/A       82%         4


Dungeon Overview and Level Annotations

Branches:
Dungeon (4/15)             Temple (1/1) D:4

Altars:
Ashenzari
Cheibriados
Dithmenos
Elyvilon
Fedhas
Gozag
Hepliaklqana
Makhleb
Okawaru
Qazlal
Sif Muna
Trog
Uskayaw
Vehumet
Wu Jian
Xom
Yredelemnul
Zin
The Shining One

Annotations:
D:2 1 runed translucent door, Crazy Yiuf


Innate Abilities, Weirdness & Mutations

You are amphibious.
You cover ground slowly.
You can hop short distances.
You have an extended range of vision and can be seen from far away.


Message History

Unknown command.
You feel much better. The jelly hits you. The acid corrodes you!
You are splashed with acid!
Unknown command.
Aiming: Minor Destruction (24% risk of failure)
Press: ? - help, Shift-Dir - straight line, f/p - jelly
Aim: a jelly (severely wounded, haloed)
The jelly writhes in agony.
The jelly hits you. The acid corrodes you!
You are splashed with acid!
* * * LOW HITPOINT WARNING * * *
Unknown command.
Aiming: Minor Destruction (24% risk of failure)
Press: ? - help, Shift-Dir - straight line, f/p - jelly
Aim: a jelly (almost dead, haloed)
The jelly resists with some effort.
The jelly barely misses you.
Unknown command.
Aiming: Minor Destruction (24% risk of failure)
Press: ? - help, Shift-Dir - straight line, f/p - jelly
Aim: a jelly (almost dead, haloed)
The jelly resists with some effort.
The jelly misses you.
Unknown command.
Casting: Blink (dangerous; 26% risk of failure)
Confirm with . or Enter, or press ? or * to list all spells.
You blink.
Unknown command.
Aiming: Minor Destruction (24% risk of failure)
Press: ? - help, Shift-Dir - straight line, f/p - jelly
Aim: a jelly (almost dead, haloed)
The puff of flame hits the jelly.
You kill the jelly!
Makhleb accepts your kill.
You have reached level 5!
Aiming: Minor Destruction (24% risk of failure)
Press: ? - help, Shift-Dir - straight line, f - dart slug
Aim: a dart slug (haloed)
The zap hits the dart slug.
The dart slug is moderately wounded.
The dart slug launches a dart at you. The slug dart hits you.
You die...

#.........#
#.........+
#.........#
#...$.....#
#.........#
#(........#
#.........#
#.........#
#..@..w...##########
#######ยง#...........
#.#.#.#.#.#.#.
#.............
###.#.......#.
#...........
#.#...>...#.
#..)........
#.#.......#.


You could see a dart slug.

Vanquished Creatures
  A jelly (D:4)
  2 orc wizards (D:4)
  An adder (D:2)
  2 dart slugs
  An orc (D:4)
  8 bats
  5 endoplasms
  2 giant cockroaches
  4 hobgoblins
  3 kobolds (D:2)
  2 quokkas (D:1)
  4 ball pythons
  2 frilled lizards
  5 goblins
  2 rats
44 creatures vanquished.

Notes
Turn   | Place    | Note
-------+----------+-------------------------------------------
     0 | D:1      | browni3141 the Barachi Monk began the quest for the Orb.
     0 | D:1      | Reached XP level 1. HP: 18/18 MP: 1/1
   138 | D:2      | Found a runed translucent door.
   139 | D:2      | Noticed Crazy Yiuf
   245 | D:2      | Reached XP level 2. HP: 20/25 MP: 2/2
   390 | D:2      | Reached XP level 3. HP: 5/30 MP: 3/3
   736 | D:1      | Found a faded altar of an unknown god.
  1253 | D:1      | Learned a level 2 spell: Blink
  1294 | D:2      | You fall into a shaft and drop 2 floors!
  1431 | D:4      | Reached XP level 4. HP: 38/38 MP: 4/4
  1456 | D:4      | Reached skill level 1 in Spellcasting
  1456 | D:4      | Reached skill level 1 in Translocations
  1580 | D:4      | Found a staircase to the Ecumenical Temple.
  1590 | Temple   | Entered the Ecumenical Temple
  1614 | Temple   | Became a worshipper of Makhleb the Destroyer
  1614 | Temple   | Reached * piety under Makhleb
  1614 | Temple   | Reached ** piety under Makhleb
  1667 | D:4      | Reached XP level 5. HP: 2/43 MP: 3/7
  1667 | D:4      | Killed from afar by a dart slug

Illustrated notes

Levels and vault maps discovered:
D:1:      lightli_arrival_quake, layout_basic, shapermc_ecumenical_altar_gd,
          grunt_decor_clamped, hangedman_feature_mirror
D:2:      layout_basic, serial_shops, nicolae_shop_drivethru,
          nicolae_twisty_statue_hallways, uniq_crazy_yiuf_cottage
D:4:      layout_basic, minmay_temple_entry_glass, hangedman_decor_opposing,
          minmay_quadrilaterals
Temple:   hellmonk_temple_of_storms

Skill      XL: |  1  2  3  4 |
---------------+-------------+-----
Fighting       | 4 |  4.6
Polearms       | 4 |  4.5
Spellcasting   | 1 |  1.4
Translocations | 1 |  1.5
Dodging        | |  3.2

Action                     |  1- 3 |  4- 6 || total
---------------------------+-------+-------++-------
  Melee: Spear             |   110 |    25 ||   135
   Fire: Sling             |    16 |       ||    16
  Throw: Dart              |     4 |       ||     4
   Cast: Blink             |       |     1 ||     1
 Invoke: Minor Destruction |       |     7 ||     7
Ability: Hop               |     3 |     1 ||     4
    Use: Scroll            |     4 |       ||     4
         Potion            |       |     1 ||     1
 Armour: Robe              |    53 |    16 ||    69
  Dodge: Dodged            |    77 |    10 ||    87

Table legend: (Time is in decaauts)
 A = Elapsed time spent in this place.
 B = Non-inter-level travel time spent in this place.
 C = Inter-level travel time spent in this place.
 D = Time resting spent in this place.
 E = Time spent auto-exploring this place.
 F = Levels seen in this place.
 G = Mean time per level.
                   A        B        C        D        E       F      G
               +--------+--------+--------+--------+--------+-----+--------+
         Total |   1893 |   1843 |     50 |     11 |   1427 |   4 |  473.2 |
       Dungeon |   1840 |   1813 |     27 |     11 |   1427 |   3 |  613.3 |
        Temple |     53 |     31 |     22 |      0 |      0 |   1 |   53.0 |
               +--------+--------+--------+--------+--------+-----+--------+

Top non-repeatable levels by time:
     D:1: 911 daAuts
     D:2: 565 daAuts
     D:4: 363 daAuts
  Temple: 53 daAuts
